TOP OF THE 1ST |
---|
St. Louis Browns batting - Pitching for Philadelphia Athletics : RHP George Nelson | Pitching: RHP George Nelson | | Batting: RHB Javier Martínez | 0-0: Called Strike 0-1: Called Strike 0-2: Ground out 6-3 (Groundball, 6MS) | Batting: RHB José Flores | 0-0: Ball 1-0: Ball 2-0: Ball 3-0: Base on Balls | Batting: LHB Dave Watson | 0-0: Ball 1-0: Foul Ball, location: 2F 1-1: Ball 2-1: Fly out, F8 (Flyball, 8LXD) | Batting: SHB David Johnstone | 0-0: Ball 1-0: Called Strike 1-1: Foul Ball, location: 2F 1-2: Ball José Flores is caught stealing 2nd base | Top of the 1st over - 0 runs, 0 hits, 0 errors, 0 left on base; St. Louis 0 - Philadelphia 0 | BOTTOM OF THE 1ST |
---|
Philadelphia Athletics batting - Pitching for St. Louis Browns : RHP Scott Walker | Pitching: RHP Scott Walker | | Batting: RHB César García | 0-0: Ball 1-0: Ground out 3-1 (Groundball, 34S) | Batting: LHB Yasuhiko Onodera | 0-0: DOUBLE (Line Drive, 78D) | Batting: RHB Tomás Estrada | 0-0: Swinging Strike 0-1: Reached on error, E6 (Groundball, 6) Yasuhiko Onodera scores | Batting: RHB Valentín Borges | 0-0: SINGLE (Groundball, 6MD) Tomás Estrada to third Runner from 3rd tries for Home, SAFE, throw made home | Batting: LHB Arturo Molina | 0-0: Ball Wild Pitch! Valentín Borges to second 1-0: Foul Ball, location: 2F 1-1: Ball 2-1: DOUBLE (Flyball, 78XD) Valentín Borges scores | Batting: RHB Anastasio Villa | 0-0: Called Strike 0-1: Foul Ball, location: 2F 0-2: Ball 1-2: Ball 2-2: Foul Ball, location: 2F 2-2: Foul Ball, location: 2F 2-2: Foul Ball, location: 2F 2-2: Foul Ball, location: 2F 2-2: Strikes out looking | Batting: RHB Troy Lau | 0-0: Ball 1-0: Foul Ball, location: 2F 1-1: Fly out, F7 (Flyball, 7S) | Bottom of the 1st over - 3 runs, 3 hits, 1 error, 1 left on base; St. Louis 0 - Philadelphia 3 | TOP OF THE 2ND |
---|
St. Louis Browns batting - Pitching for Philadelphia Athletics : RHP George Nelson | Batting: SHB David Johnstone | 0-0: Ball 1-0: Fly out, F6 (Popup, 6S) | Batting: RHB Carlos Alfaro | 0-0: Ball 1-0: Ball 2-0: Called Strike 2-1: Ball 3-1: Fly out, F8 (Flyball, 8LS) | Batting: LHB Marvin Morris | 0-0: Ball 1-0: Ground out 4-3 (Groundball, 4MD) | Top of the 2nd over - 0 runs, 0 hits, 0 errors, 0 left on base; St. Louis 0 - Philadelphia 3 | BOTTOM OF THE 2ND |
---|
Philadelphia Athletics batting - Pitching for St. Louis Browns : RHP Scott Walker | Batting: RHB Eric Neal | 0-0: Ball 1-0: Ball 2-0: Ball 3-0: Called Strike 3-1: Swinging Strike 3-2: Base on Balls | Batting: RHB Santiago Zambrano | 0-0: Ball 1-0: Called Strike 1-1: Fly out, F9 (Flyball, 9LMF) | Batting: RHB César García | 0-0: Ball 1-0: Ball 2-0: Ball 3-0: Foul Ball, location: 2F 3-1: Base on Balls Eric Neal to second | Batting: LHB Yasuhiko Onodera | 0-0: Ball 1-0: Called Strike Eric Neal is caught stealing 3rd base 1-1: Ball 2-1: Swinging Strike 2-2: Fly out, F8 (Line Drive, 8LM) | Bottom of the 2nd over - 0 runs, 0 hits, 0 errors, 1 left on base; St. Louis 0 - Philadelphia 3 | TOP OF THE 3RD |
---|
St. Louis Browns batting - Pitching for Philadelphia Athletics : RHP George Nelson | Batting: RHB António Venecia | 0-0: Foul Ball, location: 2F 0-1: Foul Ball, location: 2F 0-2: Fly out, F3 (Popup, 3S) | Batting: LHB Miguel Medellín | 0-0: Called Strike 0-1: Ball 1-1: Foul Ball, location: 2F 1-2: Strikes out swinging | Batting: RHB Octávio Marín | 0-0: Fly out, F8 (Line Drive, 8RD) | Top of the 3rd over - 0 runs, 0 hits, 0 errors, 0 left on base; St. Louis 0 - Philadelphia 3 | BOTTOM OF THE 3RD |
---|
Philadelphia Athletics batting - Pitching for St. Louis Browns : RHP Scott Walker | Batting: RHB Tomás Estrada | 0-0: Foul Ball, location: 2F 0-1: Foul Ball, location: 2F 0-2: Ball 1-2: Fly out, F7 (Flyball, 78S) | Batting: RHB Valentín Borges | 0-0: Ball 1-0: SOLO HOME RUN (Flyball, 78XD), Distance : 396 ft | Batting: LHB Arturo Molina | 0-0: Called Strike 0-1: Fly out, F9 (Flyball, 89M) | Batting: RHB Anastasio Villa | 0-0: Ball 1-0: Swinging Strike 1-1: Swinging Strike 1-2: Foul Ball, location: 2F 1-2: Strikes out swinging | Bottom of the 3rd over - 1 run, 1 hit, 0 errors, 0 left on base; St. Louis 0 - Philadelphia 4 | TOP OF THE 4TH |
---|
St. Louis Browns batting - Pitching for Philadelphia Athletics : RHP George Nelson | Batting: RHB Javier Martínez | 0-0: Foul Ball, location: 2F 0-1: Ball 1-1: Ball 2-1: Ball 3-1: Foul Ball, location: 2F 3-2: Foul Ball, location: 2F 3-2: Base on Balls | Batting: RHB José Flores | 0-0: Called Strike 0-1: Ball 1-1: Ball Javier Martínez steals 2nd base 2-1: Ground out 1-3 (Groundball, 13S) Javier Martínez to third | Batting: LHB Dave Watson | 0-0: Fly out, F8 (Flyball, 8LS) Runner from 3rd tags up, SCORES, no throw | Batting: SHB David Johnstone | 0-0: Fly out, F9 (Flyball, 9LM) | Top of the 4th over - 1 run, 0 hits, 0 errors, 0 left on base; St. Louis 1 - Philadelphia 4 | BOTTOM OF THE 4TH |
---|
Philadelphia Athletics batting - Pitching for St. Louis Browns : RHP Scott Walker | Batting: RHB Troy Lau | 0-0: Called Strike 0-1: Ball 1-1: Foul Ball, location: 2F 1-2: DOUBLE (Line Drive, 89D) | Batting: RHB Eric Neal | 0-0: Called Strike 0-1: Fly out, F6 (Popup, 56D) | Batting: RHB Santiago Zambrano | 0-0: DOUBLE (Flyball, 8RXD) Troy Lau scores | Batting: RHB César García | 0-0: Ball Santiago Zambrano steals 3rd base 1-0: Called Strike 1-1: Foul Ball, location: 2F 1-2: Fly out, F8 (Flyball, 8RD) Runner from 3rd tags up, OUT at HOME | Bottom of the 4th over - 1 run, 2 hits, 0 errors, 0 left on base; St. Louis 1 - Philadelphia 5 | TOP OF THE 5TH |
---|
St. Louis Browns batting - Pitching for Philadelphia Athletics : RHP George Nelson | Batting: RHB Carlos Alfaro | 0-0: Ball 1-0: Called Strike 1-1: Ball 2-1: Swinging Strike 2-2: SINGLE (Line Drive, 8LS) | Batting: LHB Marvin Morris | 0-0: Ball 1-0: Foul Ball, location: 2F 1-1: Foul Ball, location: 2F 1-2: Ball 2-2: Ball 3-2: Fly out, F9 (Line Drive, 89M) | Batting: RHB António Venecia | 0-0: Ball 1-0: Ball 2-0: Ball 3-0: Called Strike 3-1: Base on Balls Carlos Alfaro to second | Batting: LHB Miguel Medellín | 0-0: Called Strike 0-1: Ball 1-1: Ball 2-1: Fielders Choice at 2nd, 1-6 (Groundball, 13) Carlos Alfaro to third | Batting: RHB Octávio Marín | 0-0: Foul Ball, location: 2F 0-1: Foul Ball, location: 2F 0-2: Strikes out looking | Top of the 5th over - 0 runs, 1 hit, 0 errors, 2 left on base; St. Louis 1 - Philadelphia 5 | BOTTOM OF THE 5TH |
---|
Philadelphia Athletics batting - Pitching for St. Louis Browns : RHP Scott Walker | Batting: LHB Yasuhiko Onodera | 0-0: Swinging Strike 0-1: Swinging Strike 0-2: Ball 1-2: Fly out, F9 (Flyball, 9LS) | Batting: RHB Tomás Estrada | 0-0: Ground out 6-3 (Groundball, 6) | Batting: RHB Valentín Borges | 0-0: Called Strike 0-1: Ball 1-1: Foul Ball, location: 2F 1-2: Ball 2-2: Fly out, F9 (Flyball, 89S) | Bottom of the 5th over - 0 runs, 0 hits, 0 errors, 0 left on base; St. Louis 1 - Philadelphia 5 | TOP OF THE 6TH |
---|
St. Louis Browns batting - Pitching for Philadelphia Athletics : RHP George Nelson | Batting: RHB Javier Martínez | 0-0: Called Strike 0-1: Ball 1-1: Ball 2-1: Ball 3-1: Base on Balls | Batting: RHB José Flores | 0-0: Called Strike Javier Martínez steals 2nd base 0-1: Ground out 4-3 (Groundball, 4) Javier Martínez to third | Batting: LHB Dave Watson | 0-0: Called Strike 0-1: 2-RUN HOME RUN (Flyball, 9LD), Distance : 397 ft | Batting: SHB David Johnstone | 0-0: Ball 1-0: SOLO HOME RUN (Flyball, 7D), Distance : 396 ft | Batting: RHB Carlos Alfaro | 0-0: Ball 1-0: Ball 2-0: Ball 3-0: Called Strike 3-1: Base on Balls | Batting: LHB Marvin Morris | 0-0: Ball 1-0: Swinging Strike 1-1: Ball 2-1: Foul Ball, location: 2F 2-2: SINGLE (Groundball, 56D) Carlos Alfaro to second | Batting: RHB António Venecia | 0-0: Ball 1-0: Ball 2-0: Fly out, F7 (Flyball, 78D) | Batting: LHB Miguel Medellín | 0-0: Ball 1-0: Ground out 5-3 (Groundball, 56S) | Top of the 6th over - 3 runs, 3 hits, 0 errors, 2 left on base; St. Louis 4 - Philadelphia 5 | BOTTOM OF THE 6TH |
---|
Philadelphia Athletics batting - Pitching for St. Louis Browns : RHP Scott Walker | Batting: LHB Arturo Molina | 0-0: Called Strike 0-1: SINGLE (Groundball, 6MD) | Batting: RHB Anastasio Villa | 0-0: Grounds into double play, 6-4-3 (Groundball, 6) | Batting: RHB Troy Lau | 0-0: Called Strike 0-1: Ball 1-1: Ball 2-1: Ball 3-1: Foul Ball, location: 2F 3-2: Base on Balls | Batting: RHB Eric Neal | 0-0: SINGLE (Groundball, 4MD) Troy Lau to second Runner from 2nd tries for 3rd, SAFE, no throw | Pitching: RHP António Ramos | | Batting: RHB Santiago Zambrano | 0-0: SINGLE (Flyball, 7LS) Troy Lau scores Eric Neal to second | Batting: RHB César García | 0-0: Ball 1-0: Ball 2-0: SINGLE (Groundball, 34D) Eric Neal to third Santiago Zambrano to second Runner from 3rd tries for Home, SAFE, no throw | Batting: LHB Yasuhiko Onodera | 0-0: Foul Ball, location: 2F 0-1: Fielders Choice at 2nd, 6-4 (Groundball, 6) | Bottom of the 6th over - 2 runs, 4 hits, 0 errors, 2 left on base; St. Louis 4 - Philadelphia 7 | TOP OF THE 7TH |
---|
St. Louis Browns batting - Pitching for Philadelphia Athletics : RHP George Nelson | Batting: RHB Octávio Marín | 0-0: Ball 1-0: Called Strike 1-1: Ground out 5-3 (Groundball, 56) | Batting: RHB Javier Martínez | 0-0: Called Strike 0-1: Foul Ball, location: 2F 0-2: Foul Ball, location: 2F 0-2: Ball 1-2: Fly out, F3 (Popup, 23F) | Batting: RHB José Flores | 0-0: Called Strike 0-1: Ball 1-1: Ball 2-1: Foul Ball, location: 2F 2-2: Strikes out swinging | Top of the 7th over - 0 runs, 0 hits, 0 errors, 0 left on base; St. Louis 4 - Philadelphia 7 | BOTTOM OF THE 7TH |
---|
Philadelphia Athletics batting - Pitching for St. Louis Browns : RHP António Ramos | Batting: RHB Tomás Estrada | 0-0: Called Strike 0-1: Ground out U3 (Groundball, 34S) | Batting: RHB Valentín Borges | 0-0: Called Strike 0-1: Swinging Strike 0-2: Strikes out looking | Batting: LHB Arturo Molina | 0-0: Ball 1-0: Ball 2-0: Ground out 1-3 (Groundball, 15S) | Bottom of the 7th over - 0 runs, 0 hits, 0 errors, 0 left on base; St. Louis 4 - Philadelphia 7 | TOP OF THE 8TH |
---|
St. Louis Browns batting - Pitching for Philadelphia Athletics : RHP George Nelson | Pitching: RHP Kijuro Shini | | Batting: LHB Dave Watson | 0-0: Swinging Strike 0-1: Ball 1-1: Ball 2-1: Ball 3-1: Base on Balls | Batting: SHB David Johnstone | 0-0: Ball 1-0: Swinging Strike 1-1: Grounds into double play, 4-6-3 (Groundball, 4) | Batting: RHB Carlos Alfaro | 0-0: Called Strike 0-1: Ball 1-1: Foul Ball, location: 2F 1-2: Ball 2-2: Foul Ball, location: 2F 2-2: Foul Ball, location: 2F 2-2: Foul Ball, location: 2F 2-2: Fly out, F4 (Line Drive, 34D) | Top of the 8th over - 0 runs, 0 hits, 0 errors, 0 left on base; St. Louis 4 - Philadelphia 7 | BOTTOM OF THE 8TH |
---|
Philadelphia Athletics batting - Pitching for St. Louis Browns : RHP António Ramos | Batting: RHB Anastasio Villa | 0-0: Foul Ball, location: 2F 0-1: Ball 1-1: Ball 2-1: Swinging Strike 2-2: Ball 3-2: Strikes out looking | Batting: RHB Troy Lau | 0-0: Ball 1-0: Ball 2-0: Ball 3-0: Called Strike 3-1: Swinging Strike 3-2: Strikes out looking | Batting: RHB Eric Neal | 0-0: Ball 1-0: Swinging Strike 1-1: Foul Ball, location: 2F 1-2: Strikes out swinging | Bottom of the 8th over - 0 runs, 0 hits, 0 errors, 0 left on base; St. Louis 4 - Philadelphia 7 | TOP OF THE 9TH |
---|
St. Louis Browns batting - Pitching for Philadelphia Athletics : RHP Kijuro Shini | Pitching: RHP Esteban Juárez | | Batting: LHB Marvin Morris | 0-0: Called Strike 0-1: Ball 1-1: Ball 2-1: Foul Ball, location: 2F 2-2: DOUBLE (Groundball, 3L) | Batting: RHB António Venecia | 0-0: Ball 1-0: Called Strike 1-1: Foul Ball, location: 2F 1-2: Strikes out swinging | Batting: LHB Miguel Medellín | 0-0: Ground out 4-3 (Groundball, 4) Marvin Morris to third | |
---|
| Batting: RHB Octávio Marín | 0-0: Ground out U3 (Groundball, 34S) | Top of the 9th over - 0 runs, 1 hit, 0 errors, 1 left on base; St. Louis 4 - Philadelphia 7 | | Saturday, December 16th, 2017 - OOTP Baseball 18.8 Build 76 | |